Unix NetHack Version 5.0.0-0 post-release - last build May  4 2026 22:22:43 (774f63e81ad911689b3a0859ea89b322d5daca8d,branch:main).

Game began 2026-05-07 11:46:49, ended 2026-05-07 12:19:24.

2459832143, lawful male human Knight

                                                                   --------
                                                                   |......|
                                                               ####.......|
                                        #                          |[{....|
                                   -----###########################.......|
                                   |....#               #          --------
                                   |...|##              #
                                   |...-.--            r@
                                   |<.....|          ###
                                   |......|       ####
                                   |......|       #
                                   --------     ###

2459832143 the Esquire   St:16 Dx:10 Co:11 In:7 Wi:16 Ch:17  Lawful
Dlvl:7  $:58 HP:0(25) Pw:21(21) AC:3  Xp:3 T:841 

Latest messages:
 What do you want to eat? [ghp or ?*] ?
 What do you want to eat? [ghp or ?*] p
 This food really hits the spot!
 You hear the splashing of a naiad.
 You finish eating the food ration.
 You miss the rock mole.
 You miss the rock mole.
 You miss the rock mole.
 The rock mole bites!
 You miss the rock mole.
 The rock mole bites!
 You miss the rock mole.
 You miss the rock mole.
 The rock mole bites!
 The cave spider bites!
 You miss the rock mole.
 The cave spider bites!
 You miss the rock mole.
 The cave spider bites!
 You miss the rock mole.
 The cave spider bites!
 The rock mole bites!
 You miss the rock mole.
 The cave spider just misses!
 You miss the cave spider.
 The cave spider misses!
 The rock mole bites!
 You miss the cave spider.
 The cave spider bites!
 You miss the cave spider.
 The cave spider bites!
 You miss the cave spider.
 The cave spider misses!
 The rock mole bites!
 You kill the cave spider!
 You hear the chime of a cash register.
 You miss the rock mole.
 You miss the rock mole.
 You miss the rock mole.
 You hit the rock mole!
 You miss the rock mole.
 The rock mole bites!
 You miss the rock mole.
 The rock mole bites!
 You die...
 Do you want your possessions identified? [ynq] (y) n
 Do you want to see your attributes? [ynq] (y) n
 Do you want an account of creatures vanquished? [ynaq] (y) n
 Do you want to see your conduct and achievements? [ynq] (y) n
 Do you want to see the dungeon overview? [ynq] (y) n

Inventory:
 Coins    ('$')
  $ - 58 gold pieces
 Weapons  (')')
  j - 17 +0 darts
  a - a +1 long sword (weapon in right hand)
  b - a +1 lance (alternate weapon; not wielded)
 Armor    ('[')
  k - an uncursed +0 dunce cap
  d - an uncursed +0 helmet (being worn)
  q - an uncursed +0 pair of gauntlets of dexterity
  f - an uncursed +0 pair of leather gloves (being worn)
  e - a blessed +0 small shield (being worn)
  c - an uncursed +1 ring mail (being worn)
 Comestibles  ('%')
  g - 12 uncursed apples
  h - 11 uncursed carrots
  p - an uncursed food ration
 Potions  ('!')
  r - an uncursed potion of gain ability
 Rings    ('=')
  m - an uncursed ring of see invisible (on left hand)
 Gems/Stones  ('*')
  s - an uncursed worthless piece of violet glass

2459832143 the Knight's attributes:

Background:
 You were an Esquire, a level 3 male human Knight.
 You were lawful, on a mission for Lugh
 who was opposed by Brigit (neutral) and Manannan Mac Lir (chaotic).
 You were right-handed.
 You were in the Dungeons of Doom, on level 7.
 You entered the dungeon 841 turns ago.
 You had 45 experience points, 35 more were needed to attain level 4.

Basics:
 You had 0 out of 25 hit points.
 You had all 21 energy points (spell power).
 Your armor class was 3.
 Your wallet contained 58 zorkmids.
 Autopickup was off.

Final Characteristics:
 Your strength was 16 (limit:18/100).
 Your dexterity was 10 (limit:18).
 Your constitution was 11 (limit:18).
 Your intelligence was 7 (limit:18).
 Your wisdom was 16 (limit:18).
 Your charisma was 17 (limit:18).

Final Status:
 You weren't hungry.
 You were unencumbered.
 You were wielding a long sword.
 You had basic skill with long sword.

Final Attributes:
 You were devoutly aligned.
 You saw invisible.
 You could jump.
 You were warded.
 You are dead.

Miscellaneous:
 You didn't encounter any bones levels.
 Total elapsed playing time was 32 minutes and 33 seconds.

Major events:
 Turn
    1: 2459832143 the lawful male human Knight entered the dungeon
  757: attained the rank of Esquire (level 3)
  841: killed by a rock mole

You didn't know any spells.

Skills:
 Fighting Skills
   bare handed combat [Unskilled]
   two weapon combat  [Unskilled]
   riding             [Basic]
 Weapon Skills
   dagger             [Unskilled]
   knife              [Unskilled]
   axe                [Unskilled]
   pick-axe           [Unskilled]
   short sword        [Unskilled]
   broadsword         [Unskilled]
   long sword         [Basic]
   two-handed sword   [Unskilled]
   saber              [Unskilled]
   club               [Unskilled]
   mace               [Unskilled]
   morning star       [Unskilled]
   flail              [Unskilled]
   hammer             [Unskilled]
   polearms           [Unskilled]
   spear              [Unskilled]
   trident            [Unskilled]
   lance              [Basic]
   bow                [Unskilled]
   crossbow           [Unskilled]
 Spellcasting Skills
   attack spells      [Unskilled]
   healing spells     [Unskilled]
   clerical spells    [Unskilled]

Voluntary challenges:
 Character rerolling was not enabled.
 You followed a strict vegan diet.
 You were an atheist.
 You never genocided any monsters.
 You never polymorphed an object.
 You never changed form.
 You used no wishes.
Achievement:
 You attained the rank of Esquire.

 The Dungeons of Doom: levels 1 to 7
    Level 1:
    Level 2:
    Level 3:
    Level 4:
    Level 5:
       A fountain, a grave.
    Level 6:
       An altar.
    Level 7: <- You were here.
       A fountain.
       Final resting place for
          you, killed by a rock mole.


Vanquished creatures:
  a shrieker
 an iguana
  a large kobold
  2 cave spiders
  3 gnome zombies
  a goblin
  a grid bug
  a bat
  a kobold zombie
  a newt
13 creatures vanquished.

No species were genocided or became extinct.

Game over:
                       ----------
                      /          \
                     /    REST    \
                    /      IN      \
                   /     PEACE      \
                  /                  \
                  |    2459832143    |
                  |      58 Au       |
                  | killed by a rock |
                  |       mole       |
                  |                  |
                  |                  |
                  |       2026       |
                 *|     *  *  *      | *
        _________)/\\_//(\/(/\)/\//\/|_)_______

Fare thee well 2459832143 the Knight...

You died in The Dungeons of Doom on dungeon level 7 with 563 points,
and 58 pieces of gold, after 841 moves.
You were level 3 with a maximum of 25 hit points when you died.

